 Dungeon Crawl Stone Soup version 0.21.1-1-g345015fe64 (webtiles) character file.

452 RUSTLEDJIMMIES the Chopper (level 6, 0/53 HPs)
             Began as a Draconian Berserker on Feb 5, 2018.
             Was a Believer of Trog.
             Killed by divine providence
             ... invoked by an orc priest
              (12 damage)
             ... on level 5 of the Dungeon.
             The game lasted 00:11:50 (3561 turns).

RUSTLEDJIMMIES the Chopper (Draconian Berserker)    Turns: 3561, Time: 00:11:51

Health: 0/53       AC:  6    Str: 20    XL:     6   Next: 75%
Magic:  6/6        EV: 13    Int:  7    God:    Trog [**....]
Gold:   199        SH:  0    Dex: 12    Spells: 5/5 levels left

rFire    . . .     SeeInvis .   a - +0 hand axe
rCold    . . .     Gourm    .   (no shield)
rNeg     . . .     Faith    .   (armour unavailable)
rPois    .         Spirit   .   (helmet restricted)
rElec    .         Reflect  .   (no cloak)
rCorr    .         Harm     .   (no gloves)
MR       ++...                  (no boots)
Stlth    ++........             (no amulet)
HPRegen  1.17/turn              (no ring)
MPRegen  0.10/turn              (no ring)

@: regenerating
A: unfitting armour, cold-blooded, AC +6
a: Berserk, Trog's Hand, Burn Spellbooks, Renounce Religion


You were on level 5 of the Dungeon.
You worshipped Trog.
Trog was pleased with you.
You were hungry.

You visited 1 branch of the dungeon, and saw 4 of its levels.

You collected 199 gold pieces.

Inventory:

Hand Weapons
 a - a +0 hand axe (weapon)
Jewellery
 i - a +2 ring of strength {unknown}
Wands
 g - a wand of iceblast (9)
 n - a wand of disintegration (7)
Scrolls
 h - a scroll of teleportation {unknown}
 k - a scroll of identify
 m - a scroll of fear {unknown}
 o - 2 scrolls of enchant armour
Potions
 c - a potion of brilliance
 d - 2 potions of lignification {unknown}
 f - a potion of heal wounds {unknown}
 j - 2 potions of cancellation {unknown}
 l - a potion of mutation {unknown}
 p - a potion of curing {unknown}
Comestibles
 b - 5 rations
 q - 3 chunks of flesh


   Skills:
 + Level 4.6 Fighting
 + Level 6.0 Axes
 + Level 3.8 Dodging
 + Level 1.8 Stealth


You had 5 spell levels left.
You didn't know any spells.

Dungeon Overview and Level Annotations

Branches:
Dungeon (3/15)

Altars:


Innate Abilities, Weirdness & Mutations

Your plain brown scales are hard. (AC +6)
You cannot fit into any form of body armour.
You are cold-blooded and may be slowed by cold attacks.


Message History

The orc priest closely misses you.
You slash the orc priest!
The orc priest is heavily wounded.
The orc priest invokes the aid of Beogh against you.
Beogh smites you!
The orc priest hits you with a falchion.
The orc priest looks encouraged for a moment.
Your skin crawls.
You feel resistant to hostile enchantments.
You feel somewhat more hungry.
The orc priest invokes the aid of Beogh against you.
Beogh smites you!
Okay, then.
The orc priest invokes the aid of Beogh against you.
Beogh smites you!
* * * LOW HITPOINT WARNING * * *
You are feeling hungry.
The orc priest invokes the aid of Beogh against you.
Beogh smites you!
You die...

#.#######.#......##..####.....#.#
........#.#.####.#...........(#.#
..####.##..)..#......<........#.#
###..#.####.#)#o..............#.#
###..#.# #.#)#o####.####.#'###.#
.....#.# #.#)#o# #.# #.#.# #.#
######.# #.#.#.# #.# #.#.# #.#
#.....# #.#.#.####.# #.#.# #.#
#.##### #.#.#.@..#.# #.#.# #.#
#.# #.#.#..#.#<# #.#.# #.#
#.########.#.#..#.#.# #.#.# #.#
#..........#.#..#.#.# #.#.# #.#
############.#....#.# #.# #.#
#.##.#.#.# #.###.#
#############.##.###.# #.....#
..............#......# #######
#############.######.#


You could see 2 orc priests and an orc wizard.

Vanquished Creatures
  An ice beast (D:5)
  A scorpion (D:5)
  A crimson imp (D:5)
  A hound (D:5)
  2 orc priests (D:5)
  2 orc wizards
  Ijyb (D:5)
  3 adders
  A shadow imp (D:5)
  A worm (D:5)
  3 dart slugs
  A leopard gecko (D:2)
  9 orcs
  4 bats
  3 giant cockroaches (D:2)
  6 goblins
  5 hobgoblins
  11 kobolds
  A ball python skeleton (D:5)
  3 frilled lizards
  A quokka zombie (D:5)
  8 rats
69 creatures vanquished.

Notes
Turn   | Place    | Note
-------+----------+-------------------------------------------
     0 | D:1      | RUSTLEDJIMMIES the Draconian Berserker began the quest for the Orb.
     0 | D:1      | Reached XP level 1. HP: 19/19 MP: 1/1
   388 | D:1      | Reached XP level 2. HP: 26/26 MP: 2/2
   852 | D:2      | Reached ** piety under Trog
  1103 | D:2      | Reached XP level 3. HP: 29/33 MP: 3/3
  1911 | D:3      | Reached skill level 4 in Axes
  1928 | D:3      | Reached XP level 4. HP: 31/40 MP: 4/4
  2033 | D:3      | You fall through a shaft for 2 floors!
  2033 | D:5      | Entered Level 5 of the Dungeon
  2131 | D:5      | Noticed an ice beast
  2142 | D:5      | Killed an ice beast
  2142 | D:5      | Reached skill level 1 in Stealth
  2142 | D:5      | Reached XP level 5. HP: 46/46 MP: 5/5
  2234 | D:5      | Reached skill level 5 in Axes
  2536 | D:5      | Noticed Ijyb
  2553 | D:5      | Killed Ijyb
  2553 | D:5      | Reached XP level 6. HP: 53/53 MP: 6/6
  3179 | D:5      | Reached skill level 6 in Axes
  3561 | D:5      | Killed from afar by an orc priest

Skill      XL: |  1  2  3  4  5  6 |
---------------+-------------------+-----
Dodging        | 3 |  3.8
Axes           | 4 5 6 |  6.0
Fighting       | 4 |  4.6
Stealth        | 1 |  1.8

Action                   |  1- 3 |  4- 6 || total
-------------------------+-------+-------++-------
Melee: Hand axe          |   127 |   131 ||   258
       Tailslap          |    13 |    20 ||    33
Invok: Berserk           |       |     4 ||     4
       Trog's Hand       |       |     3 ||     3
  Use: Scroll            |     5 |     1 ||     6
       Potion            |       |     2 ||     2
 Stab: Sleeping          |     2 |     1 ||     3
       Distracted        |     1 |       ||     1
  Eat: Chunk             |     3 |     6 ||     9
       Ration            |       |     1 ||     1
Armor: Skin              |    29 |    37 ||    66
Dodge: Dodged            |    92 |    78 ||   170
